 Dungeon Crawl Stone Soup version 0.22.0-16-gc6d26f6 (webtiles) character file.

26 Amnesiac the Magician (level 2, 0/19 HPs)
             Began as a Mummy Ice Elementalist on Aug 18, 2018.
             Slain by a bat (1 damage)
             ... on level 3 of the Dungeon.
             The game lasted 00:02:30 (437 turns).

Amnesiac the Magician (Mummy Ice Elementalist)       Turns: 437, Time: 00:02:31

Health: 0/19       AC:  2    Str: 11    XL:     2   Next: 89%
Magic:  1/6        EV: 12    Int: 14    God:
Gold:   19         SH:  0    Dex: 12    Spells: 7/8 levels left

rFire    x . .     SeeInvis .   d - staff of poison (curse)
rCold    + . .     Gourm    .   (no shield)
rNeg     + + +     Faith    .   a - +0 robe
rPois    ∞         Spirit   .   (no helmet)
rElec    .         Reflect  .   (no cloak)
rCorr    .         Harm     .   (no gloves)
MR       .....                  (no boots)
Stlth    ++........             (no amulet)
HPRegen  0.06/turn              (no ring)
MPRegen  0.10/turn              (no ring)

@: no status effects
A: no food or potions, fire vulnerability, cold resistance 1, negative energy
resistance 3, torment resistance, unbreathing
a: no special abilities


You were on level 3 of the Dungeon.
You were not hungry.

You visited 1 branch of the dungeon, and saw 3 of its levels.

You collected 19 gold pieces.

Inventory:

Hand Weapons
 b - a +0 hunting sling
Missiles
 c - 33 stones (quivered)
Armour
 a - a +0 robe (worn)
Magical Staves
 d - a cursed staff of poison (weapon)
Wands
 e - a wand of iceblast (6)


   Skills:
 - Level 1.5 Dodging
 - Level 1.5 Stealth
 + Level 3.5 Spellcasting
   Level 0.7 Conjurations
 - Level 3.0 Ice Magic


You had 7 spell levels left.
You knew the following spells:

 Your Spells              Type           Power        Failure   Level  Hunger
a - Freeze                Ice            ##..         6%          1    N/A

Your spell library contained the following spells:

 Spells                   Type           Power        Failure   Level  Hunger
 Throw Frost              Conj/Ice       #.....       14%         2    N/A
 Summon Ice Beast         Ice/Summ       #.......     73%         4    N/A
 Ozocubu's Armour         Chrm/Ice       #.......     32%         3    N/A
 Throw Icicle             Conj/Ice       #.......     67%         4    N/A

Dungeon Overview and Level Annotations

Branches:
Dungeon (3/15)

Altars:


Innate Abilities, Weirdness & Mutations

You do not eat or drink.
Your flesh is vulnerable to fire.
You are immune to poison.
Your flesh is cold resistant. (rC+)
You are immune to negative energy. (rN+++)
You are immune to unholy pain and torment.
You can survive without breathing.


Message History

Aim: a quokka (severely wounded)
You freeze the quokka.
You kill the quokka!
Casting: Freeze (safe; 6% risk of failure)
Confirm with . or Enter, or press ? or * to list all spells.
Aiming: Freeze (safe; 6% risk of failure)
Press: ? - help, Shift-Dir - straight line, f - orc
Aim: an orc, wielding a flail You freeze the orc.
The orc is moderately wounded.
Casting: Freeze (safe; 6% risk of failure)
Confirm with . or Enter, or press ? or * to list all spells.
Aiming: Freeze (safe; 6% risk of failure)
Press: ? - help, Shift-Dir - straight line, f/p - orc
Aim: an orc, wielding a flail (moderately wounded)
You freeze the orc.
The orc is heavily wounded.
The orc closely misses you.
You open the door. 2 bats come into view.
The orc barely misses you. The bat completely misses you.
You barely miss the bat. The bat misses you.
The orc hits you from afar with a trident.
* * * LOW HITPOINT WARNING * * *
The orc misses you.
A rat comes into view.
The bat closely misses you.
Found a ration.
Found a stone staircase leading up.
There is an open door here.
A dart slug comes into view.
The bat barely misses you. The bat barely misses you.
The bat hits you but does no damage. The bat misses you.
You found a teleport trap!
The bat hits you.
* * * LOW HITPOINT WARNING * * *
The bat closely misses you.
Really walk into that teleport trap?
You enter a teleport trap!
The teleport trap disappears.
Your surroundings flicker for a moment.
The bat hits you but does no damage. The bat closely misses you.
Clearing level map.
The bat hits you.
* * * LOW HITPOINT WARNING * * *
The bat barely misses you. x2
The dart slug launches a dart at you. The slug dart hits you!
* * * LOW HITPOINT WARNING * * *
The bat hits you.
* * * LOW HITPOINT WARNING * * *
The bat completely misses you. The bat hits you.
* * * LOW HITPOINT WARNING * * *
The bat closely misses you. The bat barely misses you.
The bat closely misses you.
Casting: Freeze (safe; 6% risk of failure)
Confirm with . or Enter, or press ? or * to list all spells.
Aiming: Freeze (safe; 6% risk of failure)
Press: ? - help, Shift-Dir - straight line, f - bat, p - orc
Aim: a bat You freeze the bat.
The bat is moderately wounded.
The bat hits you.
You die...

##+#.##.....##.#
#..............############
#.........................#
#..............##########.#
#..............# #.. #.#
####+#######'#.###.### #.#
#.#.......##+#'###### #
#.#.#.#...og.......#
#.#@#.#............#
#.#b#.#.............
#.#bo.o............#
.#..........#######
#..<...###.# #..##### #.#
#... .. #... # #####


You could see an orc and 2 bats.

Vanquished Creatures
  An adder (D:2)
  An orc (D:3)
  A giant cockroach (D:3)
  3 goblins (D:2)
  2 hobgoblins (D:2)
  2 quokkas
  A frilled lizard (D:2)
  3 kobolds (D:2)
  A rat (D:2)
15 creatures vanquished.

Notes
Turn   | Place    | Note
-------+----------+-------------------------------------------
     0 | D:1      | Amnesiac the Mummy Ice Elementalist began the quest for the Orb.
     0 | D:1      | Reached XP level 1. HP: 13/13 MP: 4/4
    64 | D:2      | Reached XP level 2. HP: 19/19 MP: 0/5
   437 | D:3      | Slain by a bat

Skill      XL: |  1  2 |
---------------+-------+-----
Ice Magic      | 3 |  3.0
Spellcasting   | 3 |  3.5
Dodging        | |  1.5
Stealth        | |  1.5
Conjurations   | |  0.7

Action                   || total
-------------------------++-------
Melee: Unarmed           ||     3
       Staff             ||     3
 Fire: Hunting sling     ||     7
 Cast: Freeze            ||    29
  Use: Scroll            ||     2
Armor: Robe              ||     5
Dodge: Dodged            ||    42
